 Dungeon Crawl Stone Soup version 0.31-a0-246-g8cbcc1cb85 (webtiles) character file.

Game seed: 7276316680115952005

310 Demosthentine the Ducker (level 6, 0/44 (47) HPs)
             Began as a Demonspawn Gladiator on July 13, 2023.
             Slain by a hell rat (6 damage)
             ... in a sewer.
             The game lasted 00:06:16 (2733 turns).

Demosthentine the Ducker (Demonspawn Gladiator)     Turns: 2733, Time: 00:06:16

HP:   0/44 (47)     AC:  9    Str: 16    XL:     6   Next: 17%
MP:   6/6           EV: 13    Int: 10    God:
Gold: 55            SH:  0    Dex: 14    Spells: 5/5 levels left

rFire   . . .        a - +1 trident (freeze)
rCold   + . .        (no shield)
rNeg    . . .        f - +1 leather armour {rC+}
rPois   .            q - +2 helmet
rElec   .            l - +0 cloak
rCorr   .            i - +0 pair of gloves
SInv    .            (no boots)
Will    .....        (no amulet)
Stlth   +            (no ring)
HPRegen 0.27/turn    (no ring)
MPRegen 0.10/turn

%: no passive effects
@: drained
A: hooves 2, ignite blood 1
a: no special abilities


You were in a sewer.
You visited 1 branch of the dungeon, and saw 4 of its levels.
You also visited: Sewer.

You collected 247 gold pieces.
You spent 192 gold pieces at shops.

Inventory:

Hand Weapons
 a - a +1 trident of freezing (weapon)
Missiles
 d - 3 throwing nets (quivered)
 e - a javelin
Armour
 f - a +1 leather armour of cold resistance (worn)
 i - a +0 pair of gloves (worn)
 l - a +0 cloak (worn)
 q - a +2 helmet (worn)
Wands
 g - a wand of acid (5)
 k - a wand of charming (5)
 o - a wand of flame (5)
Scrolls
 h - 2 scrolls of fear
Potions
 c - a potion of ambrosia
 j - a potion of haste
 m - a potion of enlightenment
 n - a potion of heal wounds
 p - a potion of lignification
 s - a potion of curing


   Skills:
 + Level 3.6 Fighting
 + Level 3.9 Polearms
 - Level 1.7 Throwing
 + Level 2.5 Armour
 + Level 3.9 Dodging


You had 5 spell levels left.
You didn't know any spells.
Your spell library contained the following spells:

 Spells                   Type           Power      Damage    Failure   Level
 Apportation              Tloc           0%         N/A       41%         1
 Necrotise                Necr           0%         1d4       41%         1
 Summon Small Mammal      Summ           0%         N/A       41%         1
 Sublimation of Blood     Necr           0%         N/A       56%         2
 Wereblood                Tmut           0%         N/A       56%         2
 Inner Flame              Hex/Fire       0%         N/A       80%         3
 Flame Wave               Conj/Fire      0%         2d4       99%         4
 Sticky Flame             Conj/Fire      0%         2d3       99%         4
 Summon Hydra             Summ           0%         N/A       100%        7


Dungeon Overview and Level Annotations

Branches:
Dungeon (4/15)              Sewer (1/1)
 Temple: D:4-7

Altars:
Vehumet

Shops:
D:3 ::[[!


Innate Abilities, Weirdness & Mutations

You have hoof-like feet.
Your demonic aura sometimes causes spilled blood to erupt in flames.


Message History

Found four items.
Found a gate leading back out of this place.
A hell rat is nearby!
A hell rat is nearby!
Unknown command.
Found a scroll of poison, a fizzy coppery potion and a scroll of fear.
Unknown command.
The hell rat misses you.
Unknown command.
You hit the hell rat but do no damage.
You punch the hell rat, but do no damage.
The hell rat closely misses you. The hell rat bites you!
You hit the hell rat but do no damage.
You kick the hell rat, but do no damage.
The hell rat bites you but does no damage.
You hit the hell rat but do no damage.
You kick the hell rat, but do no damage.
The hell rat bites you.
You feel drained.
You barely miss the hell rat.
The hell rat bites you but does no damage.
The hell rat bites you!
You are too injured to fight recklessly!
You are too injured to fight recklessly!
You are too injured to fight recklessly!
You hit the hell rat. You freeze the hell rat.
The hell rat is lightly wounded.
The hell rat barely misses you.
You hit the hell rat. You freeze the hell rat. You kick the hell rat.
The hell rat is severely wounded.
The hell rat barely misses you.
You barely miss the hell rat.
The hell rat is severely wounded.
The hell rat bites you!
* * * LOW HITPOINT WARNING * * *
You feel drained.
* * * LOW HITPOINT WARNING * * *
You barely miss the hell rat. You kick the hell rat.
The hell rat is severely wounded.
The hell rat bites you.
You die...

~~## .~~~.~~
##~~. ~~~##
#~..# .~.#
##~~##~ #~~##
#~~~#~.~ ~.~#
#~.##!~~##~.#
#~.#??~~~#@~#
#∩∩#∩(~~~r~.#
#.†#!?~~.#~.#
#†~##?~~##.~#
#~~~#..~#..~#
##~.##~##..##
#~..###††.#
##..~~~..##
#~...~~~#


You could see a hell rat.

Vanquished Creatures
  The ghost of knightboat the Stinger, an amateur FoVM (D:3)
  An orc priest (D:3)
  Ijyb (D:3)
  Robin (D:3)
  3 adders
  4 river rats (Sewer)
  3 worms
  A dart slug (D:3)
  2 orcs (D:3)
  11 endoplasms
  4 giant cockroaches
  14 goblins
  7 hobgoblins
  4 jackals (D:3)
  7 quokkas
  4 ball pythons
  5 bats
  6 frilled lizards
  5 kobolds
  10 rats
94 creatures vanquished.

Notes
Turn   | Place    | Note
-------+----------+-------------------------------------------
     0 | D:1      | Demosthentine the Demonspawn Gladiator began the quest for
                  | the Orb.
     0 | D:1      | Reached XP level 1. HP: 16/16 MP: 1/1
   213 | D:1      | Gained mutation: You have large cloven feet. [demonic
                  | ancestry]
   213 | D:1      | Reached XP level 2. HP: 22/22 MP: 2/2
   486 | D:1      | Reached skill level 1 in Armour
   509 | D:1      | Gained mutation: Your demonic aura sometimes causes spilled
                  | blood to erupt in flames. [demonic ancestry]
   509 | D:1      | Reached XP level 3. HP: 28/28 MP: 3/3
  1535 | D:3      | Noticed knightboat's ghost (amateur FoVM)
  1535 | D:3      | Found a runed translucent door.
  1546 | D:3      | Found Bateqenump's Book Shop.
  1593 | D:3      | Found Bakkuagg's Book Shoppe.
  1626 | D:3      | Gained mutation: You have hoof-like feet. [demonic
                  | ancestry]
  1626 | D:3      | Reached XP level 4. HP: 29/34 MP: 4/4
  1658 | D:3      | Noticed Ijyb
  1665 | D:3      | Found a radiant altar of Vehumet.
  1682 | D:3      | Killed Ijyb
  1832 | D:3      | Noticed Robin
  1854 | D:3      | Killed Robin
  1928 | D:3      | Reached XP level 5. HP: 41/41 MP: 5/5
  2213 | D:3      | Found Voen's Antique Armour Shoppe.
  2312 | D:3      | Found Qips's Distillery.
  2317 | D:3      | Bought a potion of degeneration for 14 gold pieces
  2317 | D:3      | Bought a potion of curing for 42 gold pieces
  2318 | D:3      | Bought a potion of might for 56 gold pieces
  2388 | D:3      | Found Bysmotoc's Antique Armour Shop.
  2482 | D:3      | Killed knightboat's ghost
  2515 | D:3      | Bought a dyed leather armour for 80 gold pieces
  2621 | D:4      | Found a glowing drain.
  2639 | D:4      | Reached XP level 6. HP: 47/47 MP: 6/6
  2647 | Sewer    | Entered a sewer
  2733 | Sewer    | Slain by a hell rat

Illustrated notes

Levels and vault maps discovered:
D:1:      lightli_arrival_boilingwater, layout_loops_cross
D:2:      layout_loops_ring
D:3:      layout_basic, amcnicky_altar_gilded, serial_shops, shop, shop, shop,
          nicolae_shop_behind_doors, nicolae_shop_real_fake_doors,
          hellmonk_ghost_happy_afterlife, uniq_robin, uniq_ijyb
D:4:      layout_basic, zin_treasury, gup_sewer_entry_glass,
          nicolae_nh_ransacked_shop
Sewer:    sewer_hellmonk_bad_rat

Skill      XL: |  1  2  3  4  5 |
---------------+----------------+-----
Dodging        | 3 |  3.9
Polearms       | 3 |  3.9
Armour         | 1 2 |  2.5
Fighting       | 3 |  3.6
Throwing       | |  1.7

Action                     |  1- 3 |  4- 6 || total
---------------------------+-------+-------++-------
  Melee: Trident           |   152 |   122 ||   274
         Kick              |    15 |    18 ||    33
         Punch             |       |     2 ||     2
    Use: Scroll            |    12 |     3 ||    15
         Potion            |       |     3 ||     3
   Stab: Sleeping          |     3 |       ||     3
 Armour: Leather armour    |    31 |    36 ||    67
  Dodge: Dodged            |    62 |   110 ||   172

Table legend: (Time is in decaauts)
 A = Elapsed time spent in this place.
 B = Non-inter-level travel time spent in this place.
 C = Inter-level travel time spent in this place.
 D = Time resting spent in this place.
 E = Time spent auto-exploring this place.
 F = Levels seen in this place.
 G = Mean time per level.
                   A        B        C        D        E       F      G
               +--------+--------+--------+--------+--------+-----+--------+
         Total |   2780 |   2693 |     87 |      0 |   2020 |   5 |  556.0 |
       Dungeon |   2683 |   2596 |     87 |      0 |   1982 |   4 |  670.8 |
         Sewer |     96 |     96 |      0 |      0 |     37 |   1 |   96.0 |
               +--------+--------+--------+--------+--------+-----+--------+

Top non-repeatable levels by time:
     D:3: 1013 daAuts
     D:2: 840 daAuts
     D:1: 718 daAuts
     D:4: 111 daAuts
   Sewer: 96 daAuts
